 Dungeon Crawl Stone Soup version 0.31.0-32-g396128a36d (webtiles) character file.

Game seed: 126714769674572954

23184 James the Covert (level 12, 0/67 HPs)
             Began as a Felid Fighter on Apr 20, 2024.
             Was a Priest of Uskayaw.
             Slain by a cane toad (15 damage)
             ... on level 1 of the Lair of Beasts.
             The game lasted 00:45:08 (16071 turns).

James the Covert (Felid Fighter)                   Turns: 16071, Time: 00:45:08

Health: 0/67       AC:  3    Str: 16    XL:     12   Next: 69%
Magic:  16/20      EV: 32    Int: 12    God:    Uskayaw [***...]
Gold:   1632       SH:  0    Dex: 29    Spells: 11/11 levels left
                                        Lives:  0   Deaths: 4

rFire   . .          .
                       - Unarmed
rCold   + . .        (shield unavailable)
rNeg    + . .        (body armour unavailable)
rPois   .            (helmet unavailable)
rElec   .            (cloak unavailable)
rCorr   .            (gloves unavailable)
SInv    +            (boots unavailable)
Will    +....        b - amulet of the Hero {Faith rN+}
Stlth   ++++++       C - +6 ring of dexterity
HPRegen 0.31/turn    H - +6 ring of dexterity
MPRegen 0.17/turn

%: faith
@: no status effects
A: very small, claws 1, fangs 3, see invisible, shaggy fur 3, stealthy paws, no
weapons or thrown items, no armour, multi-lived
a: Renounce Religion, Stomp, Line Pass


You were on level 1 of the Lair of Beasts.
You worshipped Uskayaw.
Uskayaw was aware of your devotion.
You visited 3 branches of the dungeon, and saw 14 of its levels.
You also visited: Bailey.

You collected 1632 gold pieces.

Inventory:

Missiles
 F - 4 throwing nets {!f}
Jewellery
 b - the amulet of the Hero (around neck) {Faith rN+}
   (You acquired it on level 3 of the Dungeon)

   [amulet of faith]

   Faith:     It allows you to gain divine favour quickly.
   rN+:       It protects you from negative energy.
 e - an amulet of magic regeneration
   (You found it on level 10 of the Dungeon)
 m - a +6 ring of intelligence
   (You found it on level 2 of the Dungeon)
 o - a ring of protection from cold
   (You took it off a kobold on level 4 of the Dungeon)
 x - a ring of flight
   (You found it on level 7 of the Dungeon)
 y - a ring of resist corrosion
   (You found it on level 7 of the Dungeon)
 A - a ring of protection from cold
   (You found it on level 8 of the Dungeon)
 C - a +6 ring of dexterity (left paw)
   (You found it on level 8 of the Dungeon)
 H - a +6 ring of dexterity (right paw)
   (You found it on level 11 of the Dungeon)
Talismans
 w - a blade talisman
   (You found it on level 7 of the Dungeon)
Wands
 k - a wand of roots (13)
   (You found it on level 1 of the Dungeon)
 p - a wand of light (1)
   (You took it off an orc wizard on level 5 of the Dungeon)
 r - a wand of charming (18)
   (You took it off a kobold brigand on level 3 of the Dungeon)
 t - a wand of flame (12)
   (You found it on level 5 of the Dungeon)
 v - a wand of digging (5)
   (You found it on level 11 of the Dungeon)
 B - a wand of polymorph (9)
   (You found it on level 8 of the Dungeon)
Scrolls
 d - a scroll of butterflies
 g - 2 scrolls of vulnerability {!r}
 i - 3 scrolls of blinking
 l - a scroll of silence
 z - a scroll of poison {!r}
 D - 4 scrolls of identify {@r1}
 G - a scroll of revelation
 I - 2 scrolls of immolation {!r}
Potions
 a - a potion of might
 c - 2 potions of magic
 f - a potion of mutation {!q}
 h - a potion of brilliance
 j - 2 potions of lignification {!q}
 q - 6 potions of curing {@q1}
 s - a potion of berserk rage
 u - a potion of enlightenment
 E - a potion of heal wounds {@q2}
 J - a potion of haste {@q3}
Miscellaneous
 n - a condenser vane
   (You found it in a bailey)


   Skills:
 - Level 10.0 Fighting
 + Level 11.5 Dodging
 - Level 13.0 Stealth
 - Level 12.0 Unarmed Combat
 - Level 10.0 Invocations
 - Level 2.0 Evocations


You had 11 spell levels left.
You didn't know any spells.
Your spell library contained the following spells:

 Spells                   Type           Power      Damage    Failure   Level
 Kiss of Death            Conj/Necr      0%         2d5       32%         1
 Magic Dart               Conj           0%         1d3       32%         1
 Summon Small Mammal      Summ           0%         N/A       32%         1
 Blink                    Tloc           0%         N/A       45%         2
 Call Imp                 Summ           0%         N/A       45%         2
 Searing Ray              Conj           0%         2d4       45%         2
 Call Canine Familiar     Summ           0%         N/A       69%         3
 Confusing Touch          Hex            0%         N/A       69%         3
 Dispel Undead            Necr           0%         3d6       97%         4
 Fulminant Prism          Conj/Alch      0%         3d5       97%         4
 Summon Blazeheart Golem  Fire/Summ      0%         N/A       97%         4
 Orb of Destruction       Conj           0%         9d5       100%        7
 Spellforged Servitor     Conj/Summ      0%         N/A       100%        7


Dungeon Overview and Level Annotations

Branches:
Dungeon (11/15)            Temple (1/1) D:6            Lair (2/5) D:11
    Orc (0/2) D:9          Bailey (visited)
  Swamp: Lair:2-3    Shoals: Lair:2-3     Snake: Lair:2-3    Spider: Lair:2-3

Altars:
Ashenzari
Cheibriados
Dithmenos
Elyvilon
Fedhas
Gozag
Hepliaklqana
Kikubaaqudgha
Makhleb
Nemelex Xobeh
Okawaru
Qazlal
Ru
Sif Muna
Trog
Uskayaw
Vehumet
Wu Jian
Xom
Yredelemnul
Zin
The Shining One

Annotations:
D:8 exclusion: downstairs
D:10 3 runed translucent doors, Quickbrownfox's ghost, journeyman OpSh
D:11 2 transporters, exclusion: ice statue, mora's ghost, journeyman OpBr


Innate Abilities, Weirdness & Mutations

You have sharp claws.
You have razor-sharp teeth.
You have supernaturally acute eyesight. (SInv)
Your thick and shaggy fur keeps you warm. (AC +3, rC+)
Your paws help you pounce on unaware monsters.
You are incapable of wielding weapons or throwing items.
You cannot wear armour.
You gain extra lives every three experience levels.


Message History

The cane toad closely misses you.
You scratch the cane toad. Your claw misses the cane toad.
You bite the cane toad. The cane toad barely misses you.
Uskayaw will force your foes to helplessly watch your dance.
You scratch the cane toad but do no damage.
The cane toad stings you!
You are poisoned.
The cane toad poisons you!
You scratch the cane toad but do no damage.
You bite the cane toad, but do no damage.
You feel very sick. The cane toad completely misses you.
You scratch the cane toad but do no damage.
You bite the cane toad.
You feel very sick. The komodo dragon bites you!
The cane toad completely misses you.
Uskayaw prepares the audience for your solo!
You feel sick.
You feel sick.
The cane toad is no longer paralysed.
The komodo dragon is no longer paralysed.
The komodo dragon misses you. The cane toad completely misses you.
You pounce on the unaware helpless cane toad!
You eviscerate the cane toad!!!!!
You kill the cane toad!
You feel sick. The komodo dragon misses you.
The cane toad completely misses you.
Uskayaw will force your foes to share their pain.
Uskayaw links your audience in an emotional bond!
You feel sick.
You feel sick.
You scratch the komodo dragon.
You feel sick.
The komodo dragon completely misses you.
You scratch the komodo dragon.
You feel sick. The komodo dragon bites you!!
* * * LOW HITPOINT WARNING * * *
You closely miss the komodo dragon.
You bite the komodo dragon, but do no damage.
You feel sick.
You claw the komodo dragon!
You feel sick.
You are no longer poisoned.
The komodo dragon is no longer sharing its pain.
The komodo dragon completely misses you.
You completely miss the komodo dragon.
You bite the komodo dragon, but do no damage.
The cane toad is no longer sharing its pain.
The komodo dragon completely misses you.
Press: ? - help, Dir - move target The komodo dragon appears confused.
The cane toad appears confused.
Uskayaw will no longer force your foes to share their pain.
The cane toad stings you!
You die...

#..............##
#...##.##...P..#
+...#......).#.#
#............#.#
#...#........#†#
...........#.#
.P........#l#
.######.#..F##
.......†@P#
..........#
.........##
#.##.....# #
#.....# #.....#
.####.# ## #.#


You could see a komodo dragon (confused) and a cane toad (confused).

Vanquished Creatures
  A hydra (Lair:1)
  Harold (D:10)
  A centaur warrior (D:8)
  A two-headed ogre (D:11)
  Lodul (D:11)
  An orc knight (Bailey)
  4 cyclopes
  Joseph (D:7)
  2 black mambas (Lair:1)
  Maggie (D:7)
  4 cane toads (Lair:1)
  2 komodo dragons
  A rime drake (Lair:2)
  2 unseen horrors (D:11)
  3 trolls
  A hornet (D:9)
  Grinder (D:6)
  A shadow (D:11)
  Sigmund (D:3)
  2 vampires
  4 wyverns (D:11)
  A wraith (D:11)
  32 yaks
  Eustachio (D:4)
  A basilisk (D:11)
  4 steam dragons
  Edmund (D:5)
  10 water moccasins
  12 orc warriors
  A sky beast (D:7)
  2 ice beasts
  2 black bears
  10 ogres
  A centaur (D:6)
  A phantom (D:5)
  9 kobold brigands
  6 bullfrogs
  A gnoll sergeant (D:8)
  4 wights (D:6)
  4 killer bees (D:10)
  5 howler monkeys
  An electric eel (D:8)
  3 jellies
  A bombardier beetle (D:4)
  3 gnoll boudas
  9 orc priests
  Crazy Yiuf (D:6)
  An iguana (D:5)
  2 sleepcaps
  18 orc wizards
  8 adders
  22 gnolls
  A shadow imp (D:4)
  A ribbon worm (D:3)
  A dart slug (D:5)
  51 orcs
  5 bats
  5 endoplasms
  6 giant cockroaches
  15 goblins
  6 hobgoblins
  6 jackals
  4 quokkas
  5 ball pythons
  3 frilled lizards
  11 kobolds
  9 rats
342 creatures vanquished.

Vanquished Creatures (others)
  An orc wizard (D:3)
1 creature vanquished.

Grand Total: 343 creatures vanquished

Notes
Turn   | Place    | Note
-------+----------+-------------------------------------------
     0 | D:1      | James the Felid Fighter began the quest for the Orb.
     0 | D:1      | Reached XP level 1. HP: 12/12 MP: 2/2
    66 | D:1      | Reached skill level 1 in Stealth
   109 | D:1      | Reached skill level 2 in Stealth
   129 | D:1      | Found a faded altar of an unknown god.
   150 | D:1      | Reached XP level 2. HP: 16/16 MP: 3/3
   221 | D:1      | Reached skill level 3 in Stealth
   714 | D:2      | Reached skill level 4 in Stealth
   717 | D:2      | Reached XP level 3. HP: 10/20 MP: 4/4
  1268 | D:3      | Reached skill level 5 in Stealth
  1381 | D:3      | Reached XP level 4. HP: 24/24 MP: 5/5
  1381 | D:3      | Gained a life (2 lives remaining)
  1882 | D:3      | Noticed a kobold brigand
  1888 | D:3      | Found a faded altar of an unknown god.
  1890 | D:3      | Found a hazy altar of Hepliaklqana.
  1896 | D:3      | Killed a kobold brigand
  1897 | D:3      | Reached skill level 5 in Dodging
  1897 | D:3      | Reached skill level 6 in Stealth
  1897 | D:3      | Reached XP level 5. HP: 19/28 MP: 6/6
  2008 | D:3      | Noticed Sigmund
  2254 | D:3      | Identified a scroll of acquirement
  2254 | D:3      | Acquired the amulet of the Hero {Faith rN+}
  2775 | D:4      | Gained mutation: You are covered in thick fur. (AC +2)
                  | [Felid growth]
  2775 | D:4      | Reached XP level 6. HP: 23/33 MP: 7/7
  2867 | D:4      | Reached skill level 5 in Unarmed Combat
  2885 | D:4      | Noticed Eustachio
  3416 | D:4      | Killed Eustachio
  3435 | D:5      | Entered Level 5 of the Dungeon
  3507 | D:5      | Found a shimmering altar of Xom.
  3526 | D:5      | Reached XP level 7. HP: 37/37 MP: 8/8
  3529 | D:5      | Found an opulent altar of Gozag.
  4071 | D:5      | Noticed Edmund
  4106 | D:5      | Slain by Edmund
  4106 | D:5      | Lost a life (1 life remaining)
  4188 | D:5      | Reached skill level 5 in Fighting
  4475 | D:5      | Killed Edmund
  4476 | D:5      | Reached XP level 8. HP: 29/44 MP: 9/9
  4476 | D:5      | Gained a life (2 lives remaining)
  4559 | D:5      | Reached skill level 7 in Stealth
  4898 | D:6      | Noticed Grinder
  4916 | D:6      | Paralysed by Grinder for 2 turns
  4920 | D:6      | Killed Grinder
  5270 | D:6      | Found a staircase to the Ecumenical Temple.
  5293 | Temple   | Entered the Ecumenical Temple
  5312 | Temple   | Became a worshipper of Uskayaw the Reveller
  5503 | D:3      | Reached * piety under Uskayaw
  5514 | D:3      | Reached ** piety under Uskayaw
  5522 | D:3      | Reached *** piety under Uskayaw
  5523 | D:3      | Killed Sigmund
  5523 | D:3      | Reached **** piety under Uskayaw
  5834 | D:3      | Found a hazy altar of Hepliaklqana.
  5836 | D:3      | Found a faded altar of an unknown god.
  6228 | D:6      | Reached XP level 9. HP: 48/48 MP: 10/12
  6746 | D:6      | Found a runed translucent door.
  6747 | D:6      | Noticed Crazy Yiuf
  6819 | D:7      | Found a flagged portal.
  6944 | Bailey   | Entered a bailey
  7006 | Bailey   | Reached skill level 5 in Invocations
  7006 | Bailey   | Reached ***** piety under Uskayaw
  7169 | Bailey   | Found an iron altar of Okawaru.
  7169 | Bailey   | Noticed an orc knight
  7208 | Bailey   | Killed an orc knight
  7209 | Bailey   | Reached skill level 10 in Unarmed Combat
  7470 | D:7      | Noticed a cyclops
  7483 | D:7      | Killed a cyclops
  7484 | D:7      | Reached skill level 8 in Stealth
  7543 | D:7      | Noticed Maggie
  7551 | D:7      | Reached XP level 10. HP: 46/55 MP: 15/15
  7556 | D:7      | Killed Maggie
  7644 | D:7      | Noticed Joseph
  7649 | D:7      | Killed Joseph
  7650 | D:7      | Reached skill level 9 in Stealth
  7857 | D:7      | Reached skill level 10 in Stealth
  8192 | D:6      | Killed Crazy Yiuf
  9053 | D:8      | Found a glowing silver altar of Zin.
  9053 | D:8      | Noticed an angel
  9343 | D:8      | Reached ****** piety under Uskayaw
  9661 | D:8      | Reached skill level 1 in Evocations
 10085 | D:9      | Noticed a centaur warrior
 10294 | D:9      | Found a snail-covered altar of Cheibriados.
 10482 | D:8      | Reached XP level 11. HP: 33/60 MP: 18/18
 11112 | D:8      | Killed a centaur warrior
 11392 | D:9      | Found a stormy altar of Qazlal.
 11711 | D:9      | Slain by a troll
 11711 | D:9      | Lost a life (1 life remaining)
 11748 | D:9      | Found a staircase to the Orcish Mines.
 11776 | D:9      | Slain by a troll
 11776 | D:9      | Lost a life (0 lives remaining)
 11842 | D:9      | Reached skill level 10 in Fighting
 12024 | D:10     | Entered Level 10 of the Dungeon
 12058 | D:10     | Found a runed translucent gate.
 12058 | D:10     | Found a runed translucent gate.
 12058 | D:10     | Found a runed translucent gate.
 12064 | D:10     | Noticed Quickbrownfox's ghost (journeyman OpSh)
 12135 | D:10     | Noticed Harold
 12141 | D:10     | Killed Harold
 13000 | D:10     | Reached skill level 10 in Invocations
 13024 | D:11     | Noticed Lodul
 13055 | D:11     | Killed Lodul
 13056 | D:11     | Reached skill level 11 in Stealth
 13527 | D:10     | Reached skill level 12 in Stealth
 13833 | D:11     | Gained mutation: Your thick and shaggy fur keeps you warm.
                  | (AC +3, rC+) [Felid growth]
 13833 | D:11     | Reached XP level 12. HP: 45/67 MP: 20/20
 13833 | D:11     | Gained a life (1 life remaining)
 14026 | D:11     | Reached skill level 10 in Dodging
 14034 | D:11     | Noticed a two-headed ogre
 14042 | D:11     | Slain by a two-headed ogre
 14042 | D:11     | Lost a life (0 lives remaining)
 14070 | D:11     | Found a transporter.
 14074 | D:11     | Noticed a six-headed hydra
 14200 | D:11     | Noticed a two-headed ogre
 14212 | D:11     | Noticed mora's ghost (journeyman OpBr)
 14262 | D:11     | Found a transporter.
 14572 | D:11     | Killed a two-headed ogre
 14573 | D:11     | Reached skill level 13 in Stealth
 14736 | D:11     | Found a staircase to the Lair.
 14744 | Lair:1   | Entered Level 1 of the Lair of Beasts
 14834 | Lair:1   | HP: 2/67 [yak (14)]
 15054 | Lair:1   | You fall into a shaft and drop 1 floor!
 15750 | Lair:1   | Noticed a seven-headed hydra
 15803 | Lair:1   | HP: 2/67 [seven-headed hydra (7)]
 15803 | Lair:1   | Killed a seven-headed hydra
 16071 | Lair:1   | Slain by a cane toad

Illustrated notes

Levels and vault maps discovered:
D:1:      dpeg_arrival_shrine, layout_rooms, hellmonk_ecumenical_altar_lost_god
D:2:      layout_rooms, serial_bayou_lake_a
D:3:      layout_basic, beargit_hepliaklqana_dungeon_heroes, solitary_fountain,
          corexii_corridor_pit, amcnicky_mini_corridor_feature,
          nrook_loot_triangle, minivault_24, uniq_sigmund
D:4:      layout_loops_ring, serial_bayou_crossing, uniq_eustachio
D:5:      layout_loops_cross, grunt_temple_overflow_open, uniq_edmund
D:6:      layout_basic, temple_fountains, dreamdust_wishing_well,
          serial_park_tiny_1, uniq_crazy_yiuf_cottage, uniq_grinder
D:7:      layout_loops_cross, enter_bailey_5, uniq_maggie, uniq_joseph
D:8:      statuecave_lemuel, layout_basic, zin_angel
D:9:      layout_rooms, mainiacjoe_overflow_tiny_flanked,
          nicolae_qazlal_scattered_showers, erik_orc_3
D:10:     layout_roguey, gammafunk_ghost_spectres, uniq_harold
D:11:     layout_cave_pools, erik_lair_dragon, nzn_ghost_randoct, uniq_lodul
Temple:   nicolae_temple_slightly_damp_pantheon
Lair:1:   layout_regular_city, beast_lair_carwin_10
Lair:2:   layout_chaotic_city, minmay_snake_entry_guardpost_small,
          grunt_megastairs_5, infiniplex_staircase_pool, lemuel_fruit_fields,
          uniq_fannar

Skill      XL: |  1  2  3  4  5  6  7  8  9 10 11 12 |
---------------+-------------------------------------+-----
Stealth        | 2 4 5 6 7 8 10 12 13 | 13.0
Dodging        | 5 6 9 11 | 11.5
Fighting       | 4 6 7 10 | 10.0
Unarmed Combat | 6 7 9 10 12 | 12.0
Invocations    | 3 6 8 10 | 10.0
Evocations     | 2 |  2.0

Action                     |  1- 3 |  4- 6 |  7- 9 | 10-12 || total
---------------------------+-------+-------+-------+-------++-------
  Melee: Unarmed           |   114 |   123 |   260 |   577 ||  1074
         Bite              |    11 |    10 |    32 |    77 ||   130
         Punch             |     5 |     1 |    12 |    39 ||    57
 Invoke: Line Pass         |       |       |       |     4 ||     4
         Grand Finale      |       |       |       |     1 ||     1
         Stomp             |       |       |       |     1 ||     1
  Evoke: Wand              |       |       |     8 |     1 ||     9
    Use: Scroll            |       |    13 |     2 |     8 ||    23
         Potion            |       |       |     1 |     1 ||     2
   Stab: Sleeping          |    10 |     8 |     9 |    29 ||    56
         Paralysed         |       |       |     8 |    42 ||    50
         Invisible         |       |       |     2 |     2 ||     4
         Confused          |       |       |       |     2 ||     2
         Distracted        |       |       |       |     4 ||     4
 Armour: Skin              |    29 |    22 |    69 |   168 ||   288
  Dodge: Dodged            |    70 |    77 |   181 |   533 ||   861
